[Event "ESP-chT Div Honor 2018"]
[Site "Linares"]
[Date "2018.08.06"]
[Round "1"]
[White "Antipov, Mikhail Al"]
[Black "Volkov, Sergey"]
[Result "1/2-1/2"]
[WhiteElo "2598"]
[BlackElo "2557"]
[ECO "C11"]
[Opening "French"]
[Variation "Burn variation"]
[TimeControl "40/5400+30:1800+30"]
[Annotator "ChessBase"]
[EventDate "2018.08.06"]
[PlyCount "62"]
[EventType "team-tourn"]
[EventCountry "ESP"]

1. e4 e6 2. d4 d5 3. Nc3 Nf6 4. Bg5 dxe4 5. Nxe4 Nbd7 6. Nf3 Be7 7. Nxf6+
Bxf6 8. h4 O-O 9. Qd2 e5 10. O-O-O e4 11. Bxf6 Nxf6 12. Ne5 Qe7 13. h5 Be6
14. h6 g6 15. c4 Ne8 16. Be2 f6 17. Ng4 b5 18. Ne3 bxc4 19. Bxc4 Nd6 20.
Bxe6+ Qxe6 21. d5 Qe5 22. Kb1 f5 23. g3 a5 24. Rc1 Ra7 25. Nc4 Nxc4 26.
Rxc4 Rd8 27. Rd1 Rb7 28. Rd4 Rb5 29. Qc3 Rdb8 30. R1d2 Kf7 31. Rc2 R8b7
1/2-1/2

[Event "ESP-chT Div Honor 2018"]
[Site "Linares"]
[Date "2018.08.06"]
[Round "1"]
[White "Santos Latasa, Jaime"]
[Black "Alshameary Puente, Ismael"]
[Result "1/2-1/2"]
[WhiteElo "2582"]
[BlackElo "2343"]
[ECO "C92"]
[Opening "Ruy Lopez"]
[Variation "closed, Flohr-Zaitsev system (Lenzerheide variation)"]
[TimeControl "40/5400+30:1800+30"]
[Annotator "ChessBase"]
[EventDate "2018.08.06"]
[PlyCount "114"]
[EventType "team-tourn"]
[EventCountry "ESP"]

1. e4 e5 2. Nf3 Nc6 3. Bb5 a6 4. Ba4 Nf6 5. O-O Be7 6. Re1 b5 7. Bb3 d6 8.
c3 O-O 9. h3 Bb7 10. d4 Re8 11. a3 h6 12. Nbd2 Bf8 13. Bc2 Nb8 14. b3 Nbd7
15. Bb2 Rb8 16. a4 Ba8 17. axb5 axb5 18. Ra2 c5 19. d5 Qb6 20. Qe2 Nh5 21.
Rea1 Rec8 22. Qf1 Qd8 23. Bd3 b4 24. Ba6 Bb7 25. Bxb7 Rxb7 26. g3 Nhf6 27.
Ne1 Rbb8 28. Nd3 bxc3 29. Bxc3 Ra8 30. Ba5 Qe8 31. Nb2 Rcb8 32. Nbc4 Ra7
33. Kg2 Rba8 34. Ra4 Qb8 35. R1a2 Ne8 36. Qa1 Qb7 37. Bc3 Rxa4 38. Rxa4 Nc7
39. Rxa8 Nxa8 40. Qa4 Nab6 41. Qc6 Qb8 42. Nxb6 Nxb6 43. Ba5 Nc8 44. Bc7
Qb4 45. Qa8 Nb6 46. Qd8 c4 47. Nxc4 Nxc4 48. bxc4 g6 49. Qb8 Qc5 50. Kg1
Kg7 51. Bd8 Qxc4 52. Bf6+ Kxf6 53. Qxf8 Qb4 54. Kh2 Qc5 55. Kg2 Qb4 56. Kh2
Qc5 57. Kg2 Qb4 1/2-1/2

[Event "ESP-chT Div Honor 2018"]
[Site "Linares"]
[Date "2018.08.06"]
[Round "1"]
[White "Ibarra Jerez, Jose Carlos"]
[Black "Osmak, Iulija"]
[Result "1-0"]
[WhiteElo "2570"]
[BlackElo "2410"]
[ECO "C07"]
[Opening "French"]
[Variation "Tarrasch, open variation"]
[TimeControl "40/5400+30:1800+30"]
[Annotator "ChessBase"]
[EventDate "2018.08.06"]
[PlyCount "103"]
[EventType "team-tourn"]
[EventCountry "ESP"]

1. e4 e6 2. d4 d5 3. Nd2 c5 4. exd5 Qxd5 5. Ngf3 cxd4 6. Bc4 Qd6 7. O-O Nc6
8. Nb3 Nf6 9. Nbxd4 Nxd4 10. Nxd4 Be7 11. b3 O-O 12. Bb2 a6 13. a4 Qc7 14.
Qf3 Bd7 15. Rfe1 Rfe8 16. h3 Rad8 17. Qe2 Bb4 18. Red1 Bc8 19. Nf3 Rxd1+
20. Rxd1 Rd8 21. Ne5 Rxd1+ 22. Qxd1 Bd6 23. Qd4 Qc5 24. Qd3 h6 25. Qe2 Qc7
26. Bd4 Bc5 27. Qe3 Bxd4 28. Qxd4 Nd7 29. f4 Nxe5 30. fxe5 Bd7 31. Bd3 Bc6
32. c3 Qe7 33. h4 Kf8 34. a5 Ke8 35. b4 Qd8 36. Qxd8+ Kxd8 37. Kf2 f6 38.
g3 fxe5 39. Ke3 Kc7 40. c4 Bg2 41. Be2 Bc6 42. Bg4 Kd7 43. h5 Ke7 44. Bf3
Kd6 45. Bxc6 bxc6 46. Ke4 c5 47. bxc5+ Kxc5 48. Kxe5 Kb4 49. Kxe6 Kxa5 50.
c5 Kb5 51. Kd6 a5 52. c6 1-0

[Event "ESP-chT Div Honor 2018"]
[Site "Linares"]
[Date "2018.08.06"]
[Round "1"]
[White "Muzychuk, Anna"]
[Black "Korneev, Oleg"]
[Result "1/2-1/2"]
[WhiteElo "2564"]
[BlackElo "2513"]
[ECO "C45"]
[Opening "Scotch game"]
[TimeControl "40/5400+30:1800+30"]
[Annotator "ChessBase"]
[EventDate "2018.08.06"]
[PlyCount "71"]
[EventType "team-tourn"]
[EventCountry "ESP"]

1. e4 e5 2. Nf3 Nc6 3. d4 exd4 4. Nxd4 Bb4+ 5. c3 Bc5 6. Be3 Bb6 7. Nf5
Bxe3 8. Nxe3 Nf6 9. f3 O-O 10. c4 d6 11. Nc3 Nd7 12. Bd3 Nc5 13. O-O Nxd3
14. Qxd3 Ne5 15. Qd2 Be6 16. b3 f6 17. f4 Nf7 18. Rad1 Re8 19. Qd4 b6 20.
Ne2 c6 21. Ng3 Qc7 22. Ngf5 Bxf5 23. Nxf5 Re6 24. Rde1 Rae8 25. Qd3 Qb7 26.
Re3 b5 27. cxb5 Qxb5 28. Qxb5 cxb5 29. Rfe1 a6 30. h4 g6 31. Nd4 R6e7 32.
Nc6 Re6 33. Kf2 h5 34. Nd4 R6e7 35. Nc6 Re6 36. Nd4 1/2-1/2

[Event "ESP-chT Div Honor 2018"]
[Site "Linares"]
[Date "2018.08.06"]
[Round "1"]
[White "Suarez Garcia, Carlos"]
[Black "De la Villa Garcia, Jesus Maria"]
[Result "1-0"]
[WhiteElo "2468"]
[BlackElo "2468"]
[ECO "A07"]
[Opening "Reti"]
[Variation "King's Indian attack, Keres variation"]
[TimeControl "40/5400+30:1800+30"]
[Annotator "ChessBase"]
[EventDate "2018.08.06"]
[PlyCount "63"]
[EventType "team-tourn"]
[EventCountry "ESP"]

1. Nf3 d5 2. g3 Bg4 3. Bg2 Nd7 4. c4 e6 5. cxd5 exd5 6. d3 Ngf6 7. Nc3 Nc5
8. Nd4 c6 9. h3 Bc8 10. e4 Be7 11. e5 Nfd7 12. f4 g6 13. O-O f5 14. b4 Qb6
15. Be3 Qxb4 16. Rc1 Nb6 17. g4 O-O 18. gxf5 Bxf5 19. Nxf5 Rxf5 20. Ne2 Ne6
21. Ng3 Rxf4 22. Bxf4 Nxf4 23. Kh2 Rf8 24. Ne2 Qb2 25. Nxf4 Qxe5 26. Qg4
Bd6 27. d4 Qf6 28. Rce1 Bxf4+ 29. Kh1 g5 30. Re5 Nc4 31. Rxf4 Qxf4 32.
Rxg5+ 1-0

[Event "ESP-chT Div Honor 2018"]
[Site "Linares"]
[Date "2018.08.06"]
[Round "1"]
[White "Matnadze, Ana"]
[Black "Vega Gutierrez, Sabrina Neide"]
[Result "1/2-1/2"]
[WhiteElo "2378"]
[BlackElo "2390"]
[ECO "B20"]
[Opening "Sicilian defence"]
[TimeControl "40/5400+30:1800+30"]
[Annotator "NA"]
[EventDate "2018.08.06"]
[PlyCount "114"]
[EventType "team-tourn"]
[EventCountry "ESP"]

1. e4 c5 2. b3 Nc6 3. Bb2 e5 4. f4 exf4 5. Nf3 Nge7 6. Bc4 Ng6 7. O-O d6 8.
Nc3 Be7 9. Nd5 O-O 10. d4 Bg4 11. c3 Kh8 12. h3 Bxf3 13. Qxf3 Bg5 14. Rad1
cxd4 15. cxd4 Nce7 16. Qh5 Bh6 17. e5 Nxd5 18. Bxd5 dxe5 19. dxe5 Qc7 20.
Kh1 Rfe8 21. Rfe1 Rad8 22. Bc4 Qe7 23. Qf5 Qg5 24. Qxg5 Bxg5 25. Bxf7 Rxd1
26. Rxd1 Rd8 27. Rxd8+ Bxd8 28. Kg1 Nh4 29. Bd5 b6 30. Be4 Kg8 31. Kf2 g6
32. Bd5+ Kf8 33. Ke2 Be7 34. Kd3 Nf5 35. Bc1 Ne3 36. Be4 g5 37. Bxe3 fxe3
38. Bxh7 Bc5 39. Bf5 Bd4 40. e6 Ke7 41. Bg4 Bc5 42. g3 Bd6 43. h4 gxh4 44.
gxh4 Bf4 45. h5 Bh6 46. Kc4 e2 47. Bxe2 Kxe6 48. Kb5 Kf6 49. Ka6 Be3 50. a4
Kg7 51. b4 Bd4 52. b5 Be3 53. Kxa7 Bd4 54. Ka6 Be3 55. a5 bxa5 56. Kxa5 Bd4
57. b6 Bxb6+ 1/2-1/2

[Event "ESP-chT Div Honor 2018"]
[Site "Linares"]
[Date "2018.08.06"]
[Round "1"]
[White "Assaubayeva, Bibissara"]
[Black "Collazo Hidalgo Gato, Niala"]
[Result "1-0"]
[WhiteElo "2346"]
[BlackElo "2199"]
[ECO "E88"]
[Opening "King's Indian"]
[Variation "Saemisch, orthodox, 7.d5 c6"]
[TimeControl "40/5400+30:1800+30"]
[Annotator "NA"]
[EventDate "2018.08.06"]
[PlyCount "69"]
[EventType "team-tourn"]
[EventCountry "ESP"]

1. d4 Nf6 2. c4 d6 3. Nc3 g6 4. e4 Bg7 5. f3 O-O 6. Be3 e5 7. d5 c6 8. Bd3
cxd5 9. cxd5 a6 10. Nge2 Nbd7 11. O-O b5 12. a3 Nc5 13. Bc2 Rb8 14. Qd2 Nh5
15. Na2 f5 16. exf5 gxf5 17. Nb4 Qe8 18. Nc6 Rb7 19. Nc3 Nd7 20. a4 b4 21.
Ne2 Nc5 22. Nxb4 a5 23. Nd3 Nxd3 24. Bxd3 e4 25. Bb5 Bd7 26. fxe4 Bxb5 27.
axb5 Rxb5 28. Nd4 f4 29. Nxb5 fxe3 30. Rxf8+ Bxf8 31. Qe2 Qg6 32. Qxe3 Bh6
33. Qf3 Nf4 34. Rxa5 Bg5 35. Qg4 1-0

[Event "ESP-chT Div Honor 2018"]
[Site "Linares"]
[Date "2018.08.06"]
[Round "1"]
[White "Gines Esteo, Pedro Antonio"]
[Black "Paehtz, Elisabeth"]
[Result "0-1"]
[WhiteElo "2336"]
[BlackElo "2500"]
[ECO "D12"]
[Opening "QGD Slav"]
[Variation "4.e3 Bf5"]
[TimeControl "40/5400+30:1800+30"]
[Annotator "ChessBase"]
[EventDate "2018.08.06"]
[PlyCount "98"]
[EventType "team-tourn"]
[EventCountry "ESP"]

1. d4 d5 2. Nf3 Nf6 3. c4 c6 4. e3 Bf5 5. Nc3 a6 6. Be2 h6 7. Qb3 Ra7 8.
Bd2 e6 9. O-O Nbd7 10. Rfc1 Bd6 11. cxd5 exd5 12. Na4 Qe7 13. Nc5 Bxc5 14.
dxc5 Ne4 15. Qa3 O-O 16. Be1 Bg4 17. b4 Raa8 18. Qb2 Rfe8 19. a3 Ndf6 20.
Ra2 Nh7 21. Nd4 Bxe2 22. Qxe2 Nhg5 23. f3 Nf6 24. h4 Ngh7 25. Nf5 Qe6 26.
Nd6 Re7 27. Bc3 Ne8 28. Nxe8 Raxe8 29. Bd4 h5 30. Qf2 Qh6 31. Re1 Nf8 32.
Qg3 Nd7 33. Rae2 Ne5 34. Kh2 Re6 35. Qg5 Qh7 36. e4 f6 37. Qg3 dxe4 38.
Rxe4 Ng4+ 39. Kg1 Rxe4 40. fxe4 Qg6 41. Qf4 Qf7 42. Qf5 Qc4 43. Bf2 Qc2 44.
Bg3 Qd3 45. Qf3 Qd4+ 46. Kh1 Kh7 47. e5 fxe5 48. Qf7 Rd8 49. Bxe5 Qxe5 0-1

[Event "ESP-chT Div Honor 2018"]
[Site "Linares"]
[Date "2018.08.06"]
[Round "1"]
[White "Silva Lucena, Cristian"]
[Black "Moreno Tejera, Emilio"]
[Result "0-1"]
[WhiteElo "2237"]
[BlackElo "2429"]
[ECO "C46"]
[Opening "Four knights game"]
[TimeControl "40/5400+30:1800+30"]
[Annotator "NA"]
[EventDate "2018.08.06"]
[PlyCount "140"]
[EventType "team-tourn"]
[EventCountry "ESP"]

1. e4 e5 2. Nf3 Nc6 3. Nc3 Nf6 4. g3 d5 5. exd5 Nxd5 6. Bg2 Nxc3 7. bxc3
Bd6 8. O-O O-O 9. d3 Bg4 10. h3 Bh5 11. Rb1 Rb8 12. g4 Bg6 13. Ng5 h6 14.
Ne4 f5 15. gxf5 Bxf5 16. Qh5 Qd7 17. Be3 b6 18. Ng3 Bh7 19. Qg4 Qxg4 20.
hxg4 Nd8 21. Bd5+ Kh8 22. Kg2 Bg8 23. c4 Bxd5+ 24. cxd5 Rc8 25. Ne4 Nf7 26.
c4 Rfd8 27. g5 hxg5 28. Bxg5 Rd7 29. Rh1+ Kg8 30. Rh3 c6 31. dxc6 Rxc6 32.
a4 Bf8 33. Kf1 Rg6 34. Rg3 Nxg5 35. Nxg5 Be7 36. Nf3 Rxg3 37. fxg3 Rxd3 38.
Nxe5 Rxg3 39. Nc6 Bc5 40. Rd1 a5 41. Rd5 Ra3 42. Nxa5 Rxa4 43. Nc6 Rxc4 44.
Ke2 Re4+ 45. Kf3 Re6 46. Ne5 Rd6 47. Ke4 Rxd5 48. Kxd5 Kh7 49. Ke4 Kh6 50.
Kf5 b5 51. Nd3 Bd4 52. Kg4 Bc3 53. Nc5 b4 54. Nb3 Kg6 55. Nc5 Kf6 56. Kf4
Ke7 57. Kf5 Kd6 58. Nb3 Kd5 59. Na5 Bf6 60. Kg6 Kd4 61. Nc6+ Kc3 62. Nxb4
Kxb4 63. Kf5 Kc4 64. Kg4 Kd4 65. Kh3 Ke4 66. Kh2 Kf3 67. Kh1 Be5 68. Kg1 g5
69. Kh1 g4 70. Kg1 g3 0-1

[Event "ESP-chT Div Honor 2018"]
[Site "Linares"]
[Date "2018.08.07"]
[Round "2"]
[White "Lopez Martinez, Josep Manuel"]
[Black "Aroshidze, Levan"]
[Result "1-0"]
[WhiteElo "2585"]
[BlackElo "2504"]
[ECO "E18"]
[Opening "Queen's Indian"]
[Variation "old main line, 7.Nc3"]
[TimeControl "40/5400+30:1800+30"]
[Annotator "ChessBase"]
[EventDate "2018.08.06"]
[PlyCount "83"]
[EventType "team-tourn"]
[EventCountry "ESP"]

1. d4 Nf6 2. c4 e6 3. Nf3 b6 4. g3 Bb7 5. Bg2 Be7 6. O-O O-O 7. Nc3 Ne4 8.
Bd2 Nxd2 9. Qxd2 d6 10. Rfd1 Nd7 11. b4 c6 12. Rac1 d5 13. c5 a5 14. a3
axb4 15. axb4 bxc5 16. dxc5 Bf6 17. e4 Ne5 18. Nxe5 Bxe5 19. exd5 cxd5 20.
b5 Qa5 21. Bf1 d4 22. Qe2 Bf6 23. Ne4 Bxe4 24. Qxe4 Rfc8 25. h4 Rab8 26. h5
Qb4 27. c6 Qd6 28. Ra1 g6 29. Ra4 Qc5 30. h6 e5 31. Rda1 Bd8 32. Rc4 Qd6
33. Ra7 Bc7 34. Rca4 Rd8 35. Rxc7 Qxc7 36. Ra7 Qxa7 37. Qxe5 Kf8 38. Bc4
Qa1+ 39. Kg2 Qc3 40. Qc5+ Kg8 41. c7 Qe1 42. Qxd4 1-0

[Event "ESP-chT Div Honor 2018"]
[Site "Linares"]
[Date "2018.08.07"]
[Round "2"]
[White "Santos Latasa, Jaime"]
[Black "Cuenca Jimenez, Jose Fernando"]
[Result "1/2-1/2"]
[WhiteElo "2582"]
[BlackElo "2506"]
[ECO "D31"]
[Opening "QGD"]
[Variation "3.Nc3"]
[TimeControl "40/5400+30:1800+30"]
[Annotator "ChessBase"]
[EventDate "2018.08.06"]
[PlyCount "62"]
[EventType "team-tourn"]
[EventCountry "ESP"]

1. c4 e6 2. Nc3 d5 3. d4 Bb4 4. a3 Bxc3+ 5. bxc3 Nf6 6. cxd5 exd5 7. e3 O-O
8. Bd3 c5 9. Ne2 b6 10. O-O Ba6 11. Bxa6 Nxa6 12. Qd3 Nc7 13. f3 Re8 14.
dxc5 bxc5 15. c4 Rb8 16. Ra2 Ne6 17. Rd2 dxc4 18. Qxc4 Qb6 19. Rb2 Qd6 20.
e4 Nd7 21. Rd2 Nb6 22. Qb5 Qc7 23. Rc2 Red8 24. Bd2 Qd7 25. Qxd7 Rxd7 26.
Rb1 Rd3 27. a4 Rbd8 28. Be1 Rd1 29. Rxd1 Rxd1 30. Kf2 Nxa4 31. Ra2 Nb6
1/2-1/2

[Event "ESP-chT Div Honor 2018"]
[Site "Linares"]
[Date "2018.08.07"]
[Round "2"]
[White "Forcen Esteban, Daniel"]
[Black "Mirzoev, Azer"]
[Result "1-0"]
[WhiteElo "2569"]
[BlackElo "2510"]
[ECO "B12"]
[Opening "Caro-Kann"]
[Variation "advance variation"]
[TimeControl "40/5400+30:1800+30"]
[Annotator "ChessBase"]
[EventDate "2018.08.06"]
[PlyCount "101"]
[EventType "team-tourn"]
[EventCountry "ESP"]

1. e4 c6 2. d4 d5 3. e5 Bf5 4. Nd2 e6 5. Nb3 Nd7 6. Nf3 Ne7 7. Be2 Nc8 8.
O-O Be7 9. a4 O-O 10. a5 a6 11. c4 Na7 12. Bf4 dxc4 13. Nbd2 Bd3 14. Nxc4
Bxe2 15. Qxe2 Nb5 16. Rfd1 Nc7 17. Nfd2 Nd5 18. Bg3 c5 19. Ne4 cxd4 20.
Rxd4 Nc5 21. Ned2 Nd7 22. Ne4 Nc5 23. Ned2 Nd7 24. Rd1 b5 25. axb6 N7xb6
26. Nd6 Bxd6 27. exd6 Nd7 28. Nc4 Rb8 29. Ra1 Qc8 30. Ne5 Nxe5 31. Bxe5 Rb5
32. Rda4 f6 33. Bd4 Nf4 34. Qf3 e5 35. Rxa6 Qc2 36. Be3 Rxb2 37. h4 Rb1+
38. Kh2 Rxa1 39. Rxa1 Qc4 40. Rc1 Qe6 41. Bxf4 exf4 42. Rc7 Qxd6 43. Qb7
Kh8 44. Rxg7 f3+ 45. g3 Qd3 46. Qe7 Rg8 47. Rf7 Qg6 48. Rxf6 Qe8 49. Qxe8
Rxe8 50. Rxf3 Kg7 51. Rf5 1-0

[Event "ESP-chT Div Honor 2018"]
[Site "Linares"]
[Date "2018.08.07"]
[Round "2"]
[White "Moskalenko, Viktor"]
[Black "Ibarra Jerez, Jose Carlos"]
[Result "1-0"]
[WhiteElo "2504"]
[BlackElo "2570"]
[ECO "D00"]
[Opening "Queen's pawn, Mason variation, Steinitz counter-gambit"]
[TimeControl "40/5400+30:1800+30"]
[Annotator "ChessBase"]
[EventDate "2018.08.06"]
[PlyCount "91"]
[EventType "team-tourn"]
[EventCountry "ESP"]

1. d4 d5 2. Bf4 c5 3. e3 Nc6 4. c3 Bf5 5. Qb3 Qd7 6. Nf3 f6 7. Nbd2 g5 8.
Bg3 c4 9. Qd1 e6 10. h4 g4 11. Nh2 h5 12. Be2 b5 13. f3 Bd6 14. Ndf1 gxf3
15. Bxf3 Bg6 16. Bxd6 Qxd6 17. Kf2 Nge7 18. Ng3 O-O-O 19. b3 Rdg8 20. Nhf1
e5 21. a4 b4 22. bxc4 exd4 23. cxd5 Nxd5 24. cxd4 Nc3 25. Qd2 Na5 26. Rc1
Qc7 27. Qb2 Qb6 28. Ne2 Nc4 29. Rxc3 bxc3 30. Qxc3 Qc7 31. Nd2 Nb6 32. Qb4
Kd8 33. Rc1 Qe7 34. Qc3 Bf5 35. a5 Nc8 36. Nf4 Nd6 37. Nd5 Qg7 38. Qc6 Qg3+
39. Ke2 Rg7 40. Nf4 Ke7 41. Qd5 Rc8 42. Rxc8 Bxc8 43. Nxh5 Ba6+ 44. Kd1 Qg6
45. Nxg7 Qxg7 46. Qc5 1-0

[Event "ESP-chT Div Honor 2018"]
[Site "Linares"]
[Date "2018.08.07"]
[Round "2"]
[White "Paehtz, Elisabeth"]
[Black "Matnadze, Ana"]
[Result "1-0"]
[WhiteElo "2500"]
[BlackElo "2378"]
[ECO "A35"]
[Opening "English"]
[Variation "symmetrical, four knights system"]
[TimeControl "40/5400+30:1800+30"]
[Annotator "ChessBase"]
[EventDate "2018.08.06"]
[PlyCount "83"]
[EventType "team-tourn"]
[EventCountry "ESP"]

1. c4 Nf6 2. Nc3 c5 3. Nf3 Nc6 4. d4 cxd4 5. Nxd4 g6 6. g3 Bg7 7. Bg2 O-O
8. O-O d6 9. Nxc6 bxc6 10. Bxc6 Bh3 11. Bg2 Bxg2 12. Kxg2 Qc8 13. Qa4 Qb7+
14. f3 Rfc8 15. Rb1 Nd7 16. Nd5 Nb6 17. Qb3 Rab8 18. Nxb6 Qxb6 19. Qxb6
axb6 20. b3 d5 21. cxd5 Rc2 22. Rf2 Rxa2 23. e4 Rba8 24. Bb2 g5 25. f4 g4
26. h3 h5 27. hxg4 hxg4 28. e5 f6 29. Rh1 fxe5 30. Rh4 exf4 31. Rxg4 f3+
32. Kh3 Rxb2 33. Rxb2 Ra1 34. Kh2 Rf1 35. Rd2 Kh7 36. Re4 Bf6 37. d6 exd6
38. Rxd6 Bg5 39. Ree6 Rf2+ 40. Kh3 Re2 41. Rxe2 fxe2 42. Re6 1-0

[Event "ESP-chT Div Honor 2018"]
[Site "Linares"]
[Date "2018.08.07"]
[Round "2"]
[White "Cornette, Deimante"]
[Black "Moreno Tejera, Emilio"]
[Result "1/2-1/2"]
[WhiteElo "2463"]
[BlackElo "2429"]
[ECO "C84"]
[Opening "Ruy Lopez"]
[Variation "closed defence"]
[TimeControl "40/5400+30:1800+30"]
[Annotator "ChessBase"]
[EventDate "2018.08.06"]
[PlyCount "95"]
[EventType "team-tourn"]
[EventCountry "ESP"]

1. e4 e5 2. Nf3 Nc6 3. Bb5 a6 4. Ba4 Nf6 5. O-O Be7 6. d3 b5 7. Bb3 d6 8.
a3 Na5 9. Ba2 c5 10. Bd2 O-O 11. Nc3 Be6 12. Nd5 Nxd5 13. Bxd5 Bxd5 14.
exd5 Qc7 15. b4 Nb7 16. c3 h6 17. a4 f5 18. Qb1 Qd7 19. Re1 Bf6 20. Ra3
Rfe8 21. Be3 e4 22. dxe4 cxb4 23. cxb4 Rxe4 24. Rc1 Rae8 25. Nd2 R4e7 26.
axb5 Qxb5 27. g3 Qxd5 28. Qa2 Qxa2 29. Rxa2 Re5 30. Rxa6 Rb5 31. Rb6 Rxb6
32. Bxb6 d5 33. Kf1 Nd6 34. Bc5 Nb5 35. Nf3 Bc3 36. Rd1 Rd8 37. Ke2 Bf6 38.
Kd3 Ra8 39. Rd2 Ra3+ 40. Ke2 Nc3+ 41. Ke3 Ne4+ 42. Rd3 Bc3 43. Kf4 Ra4 44.
Kxf5 Bxb4 45. Bxb4 Rxb4 46. Rxd5 Nxf2 47. Nd4 Rb7 48. Rd8+ 1/2-1/2

[Event "ESP-chT Div Honor 2018"]
[Site "Linares"]
[Date "2018.08.07"]
[Round "2"]
[White "Osmak, Iulija"]
[Black "Silva Lucena, Cristian"]
[Result "1-0"]
[WhiteElo "2410"]
[BlackElo "2237"]
[ECO "A45"]
[Opening "Trompovsky attack (Ruth, Opovcensky opening)"]
[TimeControl "40/5400+30:1800+30"]
[Annotator "NA"]
[EventDate "2018.08.06"]
[PlyCount "79"]
[EventType "team-tourn"]
[EventCountry "ESP"]

1. d4 Nf6 2. Bg5 c5 3. d5 Ne4 4. Bf4 Qb6 5. Bc1 e6 6. f3 Qa5+ 7. c3 Nf6 8.
e4 d6 9. Na3 exd5 10. exd5 Be7 11. Nc4 Qd8 12. Ne3 O-O 13. Bd3 Nbd7 14. Ne2
Ne5 15. Bc2 Re8 16. O-O Bf8 17. c4 g6 18. h3 Qe7 19. Ng3 b5 20. cxb5 a6 21.
b6 Rb8 22. Bd2 Rxb6 23. f4 Ned7 24. Re1 Bg7 25. Nc4 Qf8 26. Rxe8 Qxe8 27.
Qf3 Bb7 28. Re1 Qa8 29. Nxb6 Nxb6 30. Qb3 Nfxd5 31. Be4 Bd4+ 32. Kh2 c4 33.
Qa3 Bf2 34. Re2 Bc5 35. Qf3 Qf8 36. f5 Ba8 37. Ba5 Nc7 38. Bxb6 Bxb6 39.
Bxa8 Nxa8 40. Qc6 1-0

[Event "ESP-chT Div Honor 2018"]
[Site "Linares"]
[Date "2018.08.07"]
[Round "2"]
[White "Assaubayeva, Bibissara"]
[Black "Suarez Garcia, Carlos"]
[Result "1-0"]
[WhiteElo "2346"]
[BlackElo "2468"]
[ECO "E15"]
[Opening "Queen's Indian"]
[Variation "4.g3"]
[TimeControl "40/5400+30:1800+30"]
[Annotator "ChessBase"]
[EventDate "2018.08.06"]
[PlyCount "47"]
[EventType "team-tourn"]
[EventCountry "ESP"]

1. d4 Nf6 2. c4 e6 3. Nf3 b6 4. g3 Bb4+ 5. Bd2 Be7 6. Bg2 c6 7. O-O d5 8.
Bf4 Nbd7 9. Nc3 Ba6 10. cxd5 Nxd5 11. Bd2 O-O 12. Re1 c5 13. dxc5 bxc5 14.
Qa4 Nb4 15. a3 Nb6 16. Qa5 Bb7 17. axb4 cxb4 18. Nb1 Nc4 19. Qxd8 Rfxd8 20.
b3 Nb6 21. Be3 Nd5 22. Rxa7 Nxe3 23. Rxb7 Nc2 24. Rc1 1-0

[Event "ESP-chT Div Honor 2018"]
[Site "Linares"]
[Date "2018.08.07"]
[Round "2"]
[White "Alshameary Puente, Ismael"]
[Black "Ramiro Ovejero, Juan Luis"]
[Result "1/2-1/2"]
[WhiteElo "2343"]
[BlackElo "2382"]
[ECO "D20"]
[Opening "Queen's gambit accepted"]
[TimeControl "40/5400+30:1800+30"]
[Annotator "NA"]
[EventDate "2018.08.06"]
[PlyCount "123"]
[EventType "team-tourn"]
[EventCountry "ESP"]

1. d4 d5 2. c4 dxc4 3. e3 e5 4. Bxc4 exd4 5. exd4 Bd6 6. Nf3 Nf6 7. O-O O-O
8. Nc3 Nc6 9. h3 h6 10. Be3 Bf5 11. Nh4 Bh7 12. Qf3 Nxd4 13. Bxd4 Bh2+ 14.
Kxh2 Qxd4 15. Bxf7+ Rxf7 16. Qxb7 Rff8 17. Qb3+ Kh8 18. Nf3 Qd6+ 19. Kg1
Rab8 20. Qa4 Rxb2 21. Qxa7 Ne4 22. Qe3 Qb6 23. Nxe4 Qxe3 24. fxe3 Bxe4 25.
Rf2 Rb6 26. a4 Rb3 27. a5 Ra8 28. Re2 Rb5 29. Rea2 Bd5 30. Ra4 Rb2 31. e4
Bb3 32. R4a3 c5 33. a6 Ra7 34. Ne5 c4 35. Nc6 Ra8 36. Nd4 Bc2 37. Nxc2 Rxc2
38. a7 Rb2 39. Kh2 Kh7 40. Kg3 Kg6 41. Ra6+ Kf7 42. R1a3 Rb7 43. Kf4 Rc7
44. Rc3 Raxa7 45. Rxa7 Rxa7 46. Rxc4 Ra2 47. Rc7+ Kf6 48. e5+ Kg6 49. Kf3
Rb2 50. h4 Rb3+ 51. Kf4 Rb4+ 52. Kg3 Rb3+ 53. Kh2 Re3 54. Re7 h5 55. Kg1
Re4 56. g3 Re2 57. Kf1 Ra2 58. e6 Ra6 59. Re8 Kf6 60. e7 g6 61. Kf2 Kf7 62.
Rb8 1/2-1/2

[Event "ESP-chT Div Honor 2018"]
[Site "Linares"]
[Date "2018.08.07"]
[Round "2"]
[White "Collazo Hidalgo Gato, Niala"]
[Black "Gines Esteo, Pedro Antonio"]
[Result "1-0"]
[WhiteElo "2199"]
[BlackElo "2336"]
[ECO "B18"]
[Opening "Caro-Kann"]
[Variation "classical, Flohr variation"]
[TimeControl "40/5400+30:1800+30"]
[Annotator "NA"]
[EventDate "2018.08.06"]
[PlyCount "109"]
[EventType "team-tourn"]
[EventCountry "ESP"]

1. e4 c6 2. d4 d5 3. Nd2 dxe4 4. Nxe4 Bf5 5. Ng3 Bg6 6. Nh3 e6 7. Bc4 Bd6
8. O-O Nf6 9. f4 Qa5 10. f5 exf5 11. Qe2+ Kf8 12. Bd2 Qb6 13. Nxf5 Bxf5 14.
Rxf5 Nbd7 15. Raf1 Qxd4+ 16. Be3 Qe4 17. Rxf6 Nxf6 18. Rxf6 Qe5 19. Rxf7+
Ke8 20. Nf4 b5 21. Bb3 Rf8 22. Rxf8+ Kxf8 23. Qf3 Ke7 24. Qh3 Rf8 25. Qe6+
Qxe6 26. Nxe6 Rf5 27. Nd4 Rc5 28. g4 g6 29. Nf3 a5 30. Bxc5 Bxc5+ 31. Kg2
a4 32. Bg8 Kf8 33. Be6 Ke7 34. Bc8 Kd8 35. Ba6 Kd7 36. Ne5+ Kc7 37. Nd3 Be7
38. c4 Kb6 39. cxb5 cxb5 40. Bc8 Kc7 41. Be6 Kd6 42. Bf7 Kd7 43. Kf3 Bf6
44. Kf4 Ke7 45. Bg8 Kf8 46. Bd5 b4 47. b3 axb3 48. axb3 Bc3 49. Ke4 Kg7 50.
Nf4 Kf6 51. Bg8 Kg7 52. Bc4 Bd2 53. Nd5 Kh6 54. Kd3 Be1 55. Ke2 1-0

[Event "ESP-chT Div Honor 2018"]
[Site "Linares"]
[Date "2018.08.08"]
[Round "3"]
[White "Ibarra Jerez, Jose Carlos"]
[Black "Magem Badals, Jordi"]
[Result "1/2-1/2"]
[WhiteElo "2570"]
[BlackElo "2531"]
[ECO "C50"]
[Opening "Giuoco Pianissimo"]
[TimeControl "40/5400+30:1800+30"]
[Annotator "ChessBase"]
[EventDate "2018.08.06"]
[PlyCount "60"]
[EventType "team-tourn"]
[EventCountry "ESP"]

1. e4 e5 2. Bc4 Nf6 3. d3 Bc5 4. Nf3 Nc6 5. Bb3 O-O 6. O-O d6 7. c3 a6 8.
h3 h6 9. Re1 Re8 10. Nbd2 Ba7 11. Nf1 Be6 12. Bxe6 Rxe6 13. Ng3 d5 14. Qe2
Qd7 15. Nh4 Rd8 16. Nhf5 dxe4 17. dxe4 Qd3 18. Qxd3 Rxd3 19. Be3 Bxe3 20.
Nxe3 Red6 21. Rad1 Rxd1 22. Rxd1 Rxd1+ 23. Nxd1 g6 24. f3 Kf8 25. Kf2 Ke7
26. Ne3 Ke6 27. Ke2 Ne7 28. h4 h5 29. Ngf1 Nd7 30. Nd2 b5 1/2-1/2

[Event "ESP-chT Div Honor 2018"]
[Site "Linares"]
[Date "2018.08.08"]
[Round "3"]
[White "Muzychuk, Anna"]
[Black "Lopez Martinez, Josep Manuel"]
[Result "1-0"]
[WhiteElo "2564"]
[BlackElo "2585"]
[ECO "C67"]
[Opening "Ruy Lopez"]
[Variation "open Berlin defence, l'Hermet variation"]
[TimeControl "40/5400+30:1800+30"]
[Annotator "ChessBase"]
[EventDate "2018.08.06"]
[PlyCount "53"]
[EventType "team-tourn"]
[EventCountry "ESP"]

1. e4 e5 2. Nf3 Nc6 3. Bb5 Nf6 4. O-O Nxe4 5. d4 Nd6 6. dxe5 Nxb5 7. a4
Nbd4 8. Nxd4 Nxd4 9. Qxd4 d5 10. exd6 Qxd6 11. Qe3+ Qe6 12. Qg3 c6 13. Nc3
f6 14. Bf4 Kf7 15. Rfe1 Qg4 16. Qe3 g5 17. Bg3 Bf5 18. Rad1 Qb4 19. Rd4
Qxb2 20. Ne4 h6 21. c3 Kg6 22. h4 Re8 23. h5+ Kg7 24. Qf3 Rxe4 25. Rdxe4
Bxe4 26. Qxe4 Rg8 27. Rb1 1-0